 Dungeon Crawl Stone Soup version 0.25.0-37-gb73750e0fb (webtiles) character file.

Game seed: 10359818191158797137

483 wojtek the Caller (level 6, -4/41 HPs)
             Began as a Mummy Summoner on July 10, 2020.
             Shot with an arrow by a centaur (13 damage)
             ... on level 5 of the Dungeon.
             The game lasted 00:09:56 (7565 turns).

wojtek the Caller (Mummy Summoner)                  Turns: 7565, Time: 00:09:56

Health: -4/41      AC:  4    Str: 12    XL:     6   Next: 88%
Magic:  10/10      EV: 12    Int: 16    God:
Gold:   263        SH:  0    Dex: 12    Spells: 7/10 levels left

rFire    . . .     SeeInvis .   h - +2 dagger (venom)
rCold    + . .     Gourm    .   (no shield)
rNeg     + + +     Faith    .   i - +1 robe {rF+}
rPois    ∞         Spirit   .   (no helmet)
rElec    .         Reflect  .   (no cloak)
rCorr    .         Harm     .   (no gloves)
MR       .....                  a - +0 pair of boots
Stlth    ++........             (no amulet)
HPRegen  0.13/turn              (no ring)
MPRegen  0.12/turn              (no ring)

@: no status effects
A: no food or potions, fire vulnerability, cold resistance 1, negative energy
resistance 3, torment resistance, unbreathing
a: no special abilities


You were on level 5 of the Dungeon.
You were not hungry.

You visited 1 branch of the dungeon, and saw 5 of its levels.

You collected 263 gold pieces.

Inventory:

Hand Weapons
 d - a +0 mace
 h - a +2 dagger of venom (weapon)
 m - a +2 falchion of flaming
Missiles
 e - 90 stones (quivered)
Armour
 a - a +0 pair of boots (worn)
 i - a +1 robe of fire resistance (worn)
Wands
 l - a wand of random effects (14)
Scrolls
 b - 6 scrolls of identify {unknown}
 c - a scroll of noise {unknown}
 f - 4 scrolls of remove curse {unknown}
 g - a scroll of random uselessness {unknown}
 j - a scroll of magic mapping {unknown}
 k - 2 scrolls of fear {unknown}


   Skills:
 - Level 1.5 Dodging
 - Level 1.5 Stealth
 - Level 2.6 Spellcasting
 + Level 6.9 Summonings


You had 7 spell levels left.
You knew the following spells:

 Your Spells              Type           Power        Failure   Level  Hunger
a - Summon Small Mammal   Summ           ###.         1%          1    N/A
b - Call Imp              Summ           ###.....     1%          2    N/A

Your spell library contained the following spells:

 Spells                   Type           Power        Failure   Level  Hunger
 Call Canine Familiar     Summ           ###.....     3%          3    N/A
 Summon Guardian Golem    Hex/Summ       ##......     14%         3    N/A
 Summon Ice Beast         Ice/Summ       ##......     43%         4    N/A
 Summon Lightning Spire   Summ/Air       ##......     43%         4    N/A

Dungeon Overview and Level Annotations

Branches:
Dungeon (5/15)
 Temple: D:4-7

Altars:
Fedhas
Gozag
Nemelex Xobeh


Innate Abilities, Weirdness & Mutations

You do not eat or drink.
Your flesh is vulnerable to fire.
You are immune to poison.
Your flesh is cold resistant. (rC+)
You are immune to negative energy. (rN+++)
You are immune to unholy pain and torment.
You can survive without breathing.


Message History

Done exploring.
(D) Dungeon
Where to? (Enter - D:4, ? - help)
There is a stone staircase leading down here.
You climb downwards.
A centaur comes into view.
The centaur shouts!
Found a stone staircase leading down.
There is a stone staircase leading up here.
The centaur hits the bush.
Found a blossoming altar of Fedhas.
The centaur wields a +3 shortbow.
The centaur shoots an arrow.
The arrow hits you!
You see here an arrow.
The centaur shoots an arrow.
The arrow hits you!
The centaur shoots an arrow.
The arrow hits you!
* * * LOW HITPOINT WARNING * * *
You see here 2 arrows.
The centaur shoots an arrow.
The arrow hits you!
You die...

#.# .# ..
.# #.## ..
#..###.
##.....
###.....#
.##......<#
.........##
........@#
.......(##
...#....#
........#
..PPPP..#


.PPPcP... _PP.#. PP .. . PP. .. You could see a centaur.

Vanquished Creatures
  Sigmund (D:3)
  A phantom (D:4)
  A hound (D:4)
  An orc priest (D:4)
  A gnoll (D:4)
  3 adders
  A shadow imp (D:4)
  A worm (D:3)
  2 dart slugs (D:1)
  18 orcs
  6 bats
  6 giant cockroaches
  A hobgoblin (D:3)
  7 jackals
  A quokka (D:4)
  2 ball pythons (D:3)
  3 frilled lizards
  3 goblins
  7 kobolds
  6 rats
72 creatures vanquished.

Vanquished Creatures (collateral kills)
  An orc priest (D:3)
  A centaur skeleton (D:4)
  2 orc wizards
  2 gnolls (D:4)
  4 adders (D:2)
  An ooze (D:2)
  2 worms
  A leopard gecko (D:1)
  4 orcs
  A giant cockroach (D:2)
  2 goblins (D:2)
  6 hobgoblins
  7 jackals
  A quokka (D:2)
  2 bats (D:2)
  A frilled lizard (D:2)
  A kobold (D:1)
  A rat (D:2)
40 creatures vanquished.

Grand Total: 112 creatures vanquished

Notes
Turn   | Place    | Note
-------+----------+-------------------------------------------
     0 | D:1      | wojtek the Mummy Summoner began the quest for the Orb.
     0 | D:1      | Reached XP level 1. HP: 13/13 MP: 4/4
   536 | D:1      | Reached XP level 2. HP: 18/19 MP: 5/5
  1469 | D:1      | Reached skill level 4 in Summonings
  2074 | D:1      | Learned a level 2 spell: Call Imp
  2206 | D:2      | Reached XP level 3. HP: 17/24 MP: 4/7
  3701 | D:2      | Reached XP level 4. HP: 23/30 MP: 1/8
  4224 | D:3      | Reached skill level 5 in Summonings
  4719 | D:3      | Reached XP level 5. HP: 27/35 MP: 9/9
  4836 | D:3      | Noticed Sigmund
  4888 | D:3      | Killed Sigmund
  5109 | D:3      | Reached skill level 6 in Summonings
  5226 | D:3      | Found a sparkling altar of Nemelex Xobeh.
  5439 | D:4      | Noticed a phantom
  5722 | D:4      | Killed a phantom
  5722 | D:4      | Reached XP level 6. HP: 25/41 MP: 6/10
  7430 | D:4      | Found an opulent altar of Gozag.
  7561 | D:5      | Entered Level 5 of the Dungeon
  7562 | D:5      | Found a blossoming altar of Fedhas.
  7565 | D:5      | Shot with an arrow by a centaur

Illustrated notes

Levels and vault maps discovered:
D:1:      erik_arrival_triangle_small, layout_loops_ring
D:2:      layout_rooms
D:3:      layout_basic, nemelex_diamond_rough_becter, uniq_sigmund
D:4:      layout_loops_corners, first_ration, grunt_ministairs_10,
          grunt_gozag_breadcrumbs
D:5:      layout_layer_cave, lemuel_round_altar, temple_statues,
          fedhas_bush_and_centaur_altar

Skill      XL: |  1  2  3  4  5 |
---------------+----------------+-----
Summonings     | 4 5 6 |  6.9
Dodging        | |  1.5
Stealth        | |  1.5
Spellcasting   | |  2.6

Action                   |  1- 3 |  4- 6 || total
-------------------------+-------+-------++-------
Melee: Mace              |    98 |    41 ||   139
       Unarmed           |     9 |       ||     9
       Dagger            |       |   135 ||   135
 Cast: Summon Small Mamm |    17 |     2 ||    19
       Call Imp          |    27 |    36 ||    63
 Stab: Sleeping          |     1 |     3 ||     4
       Distracted        |       |     1 ||     1
Armor: Robe              |    56 |    34 ||    90
Dodge: Dodged            |   146 |   105 ||   251
